 Dungeon Crawl Stone Soup version 0.31-a0-188-g5e087ee2ca (webtiles) character file.

Game seed: 5899822627256821566

414 qw the Skirmisher (level 6, 0/35 HPs)
             Began as a Deep Elf Hunter on June 23, 2023.
             Slain by a gnoll
             ... wielding a +0 flail
             ... led by a gnoll bouda
              (3 damage)
             ... on level 5 of the Dungeon.
             The game lasted 00:01:20 (3191 turns).

qw the Skirmisher (Deep Elf Hunter)                 Turns: 3191, Time: 00:01:21

Health: 0/35       AC:  8    Str: 10    XL:     6   Next: 60%
Magic:  0/8        EV:  9    Int: 14    God:
Gold:   262        SH:  0    Dex: 18    Spells: 5/5 levels left

rFire   . . .        e - +0 shortbow (heavy)
rCold   . . .        (shield currently unavailable)
rNeg    . . .        h - +0 scale mail
rPois   .            q - +1 hat
rElec   .            (no cloak)
rCorr   .            n - +0 pair of gloves
SInv    .            (no boots)
Will    .....        f - amulet of guardian spirit
Stlth   +            (no ring)
HPRegen 0.25/turn    (no ring)
MPRegen 0.11/turn

%: guardian spirit
@: no status effects
A: no striking features
a: no special abilities


You were on level 5 of the Dungeon.
You visited 1 branch of the dungeon, and saw 5 of its levels.
You also visited: Sewer.

You collected 275 gold pieces.
You spent 13 gold pieces at shops.


   Skills:
 - Level 2.2 Fighting
 + Level 9.8 Ranged Weapons
 - Level 1.2 Armour
 - Level 2.4 Dodging
 - Level 1.2 Stealth


You had 5 spell levels left.
You didn't know any spells.
Your spell library was empty.

Inventory:

Hand Weapons
 e - a +0 heavy shortbow (weapon)
Armour
 c - a scarf of harm
 h - a +0 scale mail (worn)
 n - a +0 pair of gloves (worn)
 q - a +1 hat (worn)
Jewellery
 f - an amulet of guardian spirit (around neck)
Scrolls
 a - a scroll of identify
 o - a scroll of blinking {unknown}
Potions
 b - a potion of heal wounds
 d - a potion of resistance {unknown}
 g - a potion of mutation {unknown}
 i - 2 potions of curing
 j - a potion of cancellation {unknown}
 k - a potion of invisibility {unknown}
 l - a potion of haste
 m - a potion of might {unknown}

Dungeon Overview and Level Annotations

Branches:
Dungeon (5/15)              Sewer (visited)
 Temple: D:4-7

Altars:
Vehumet

Shops:
D:1 *:*


Message History

The gnoll hits you but does no damage.
The gnoll hits you from afar with a +0 spear.
The gnoll hits you with a +0 club. The gnoll hits you with a +0 whip.
The gnoll closely misses you.
You shoot an arrow. The arrow hits the gnoll.
The gnoll is severely wounded.
The gnoll closely misses you. The gnoll hits you but does no damage.
The gnoll closely misses you.
You shoot an arrow. The arrow hits the gnoll!
You kill the gnoll!
The gnoll barely misses you. The gnoll hits you with a +0 club.
The gnoll barely misses you. The gnoll bouda barely misses you.
The gnoll hits you but does no damage.
You shoot an arrow.
The arrow barely misses the gnoll bouda.
The gnoll hits you but does no damage.
The gnoll hits you from afar with a +0 spear.
The gnoll bouda hits you with a +0 club!
The gnoll closely misses you. The gnoll completely misses you.
The gnoll closely misses you.
3189 ||| DRINKING 2 potions of heal wounds.
You feel much better.
The gnoll bouda hits you with a +0 club.
The gnoll hits you but does no damage. x3
You shoot an arrow. The arrow hits the gnoll bouda.
The gnoll bouda is lightly wounded.
The gnoll bouda barely misses you. The gnoll hits you but does no damage.
The gnoll barely misses you.
The gnoll hits you from afar with a +0 spear.
The gnoll bouda hits you with a +0 club.
The gnoll hits you with a +0 flail.
You shoot an arrow. The arrow hits the gnoll bouda.
The gnoll bouda is moderately wounded.
The gnoll hits you with a +0 club. The gnoll closely misses you.
The gnoll bouda hits you with a +0 club.
The gnoll barely misses you. The gnoll hits you with a +0 club.
The gnoll hits you but does no damage.
The gnoll bouda hits you with a +0 club.
The gnoll hits you with a +0 flail.
You die...

.#................#
.'................#
.#............/..(#
.#####.....######### ..#
+.....# ......# ..#
#.....# ..:.. .##
#.....# .g. .#
#.....#####g####### .+
#.........g@g....!. .#
#..................
.##..#..[...............
.....#..................
.....#..................
###..#..................
..#.....#############
.#.....# +


You could see a gnoll bouda and 3 gnolls.

Vanquished Creatures
  A howler monkey (D:4)
  4 jellies (Sewer)
  A hound (D:4)
  2 iguanas
  A gnoll (D:5)
  4 adders
  A river rat (Sewer)
  An ufetubus (D:4)
  4 worms
  2 dart slugs
  8 orcs
  3 bats
  22 endoplasms
  10 giant cockroaches
  7 goblins
  4 hobgoblins
  4 quokkas
  10 ball pythons
  4 frilled lizards
  7 kobolds
  3 rats
103 creatures vanquished.

Notes
Turn   | Place    | Note
-------+----------+-------------------------------------------
     0 | D:1      | qw the Deep Elf Hunter began the quest for the Orb.
     0 | D:1      | Reached XP level 1. HP: 12/12 MP: 3/3
     0 | D:1      | 0 ||| qw: Version: 0.3-a-9-g12657ce
     0 | D:1      | 0 ||| qw: Game counter: 3309
     0 | D:1      | 0 ||| qw: Always use a shield: true
     0 | D:1      | 0 ||| qw: God list: Okawaru
     0 | D:1      | 0 ||| qw: Allow faded altars: false
     0 | D:1      | 0 ||| qw: Do Orc after D:15 true
     0 | D:1      | 0 ||| qw: Do second Lair branch before Depths: true
     0 | D:1      | 0 ||| qw: Lair rune preference: random
     0 | D:1      | 0 ||| qw: Plans: Normal
     0 | D:1      | 0 ||| PLANNING D:1-11
   126 | D:1      | Found Goax's General Store.
   135 | D:1      | 135 ||| SHOPLISTING +0 helmet of Viuff {rElec rC+ rCorr
                  | Dex+4} (474 gold, have 12).
   135 | D:1      | 135 ||| SHOPLISTING 3 scrolls of teleportation (108 gold,
                  | have 12).
   135 | D:1      | 135 ||| SHOPLISTING scroll of identify (24 gold, have 12).
   211 | D:1      | Reached XP level 2. HP: 16/16 MP: 4/4
   213 | D:1      | Reached skill level 6 in Ranged Weapons
   214 | D:1      | Found Xypruf's Assorted Antiques.
   225 | D:1      | 225 ||| BUYING amethyst potion (13 gold).
   225 | D:1      | Bought an amethyst potion for 13 gold pieces
   225 | D:1      | 225 ||| SHOPLISTING orange potion (13 gold, have 10).
   225 | D:1      | 225 ||| SHOPLISTING scroll labelled AQORUROQAO (15 gold,
                  | have 10).
   225 | D:1      | 225 ||| SHOPLISTING scroll labelled TUYPLATREOD (15 gold,
                  | have 10).
   406 | D:1      | Found Mawnooff's Book Emporium.
   584 | D:1      | 584 ||| UPGRADING to +0 scale mail.
   594 | D:1      | 594 ||| DROPPING +0 leather armour.
   595 | D:1      | 595 ||| UPGRADING to amulet of guardian spirit.
   600 | D:1      | 600 ||| READING scroll labelled RULONLOMUE.
   623 | D:1      | 623 ||| READING scroll labelled AQORUROQAO.
   624 | D:1      | 624 ||| DROPPING scroll of butterflies.
   740 | D:2      | Reached XP level 3. HP: 20/20 MP: 5/5
  1213 | D:2      | Reached skill level 7 in Ranged Weapons
  1457 | D:2      | 1457 ||| DROPPING ring of magical power.
  1458 | D:2      | 1458 ||| READING 3 scrolls labelled GIUCZUAGON.
  1459 | D:2      | 1459 ||| READING scroll labelled PISCHY HIONWIT.
  1460 | D:2      | 1460 ||| READING scroll labelled IPYXZIU DUBOVE.
  1461 | D:2      | 1461 ||| READING scroll labelled KUSEUCLEFIK.
  1465 | D:2      | 1465 ||| READING scroll labelled TUYPLATREOD.
  1466 | D:2      | 1466 ||| DRINKING 2 viscous puce potions.
  1502 | D:2      | 1502 ||| DRINKING 2 amethyst potions.
  1503 | D:2      | 1503 ||| DROPPING 2 scrolls of vulnerability.
  1504 | D:2      | 1504 ||| DROPPING potion of lignification.
  1538 | D:3      | 1538 ||| PLANNING SEWER
  1605 | D:3      | Found a glowing drain.
  1609 | D:3      | Reached XP level 4. HP: 25/25 MP: 6/6
  1616 | Sewer    | Entered a sewer
  1675 | Sewer    | 1675 ||| Stepping ~*~*~tactically~*~*~ (water).
  1688 | Sewer    | 1688 ||| Stepping ~*~*~tactically~*~*~ (water).
  1797 | Sewer    | 1797 ||| Stepping ~*~*~tactically~*~*~ (water).
  1852 | Sewer    | 1852 ||| Stepping ~*~*~tactically~*~*~ (water).
  1854 | Sewer    | 1854 ||| Stepping ~*~*~tactically~*~*~ (water).
  1857 | Sewer    | 1857 ||| Stepping ~*~*~tactically~*~*~ (water).
  1859 | Sewer    | Reached skill level 8 in Ranged Weapons
  1880 | Sewer    | Reached XP level 5. HP: 29/29 MP: 7/7
  1885 | Sewer    | Reached skill level 9 in Ranged Weapons
  1887 | Sewer    | Found a viscous altar of Jiyva.
  1936 | Sewer    | 1936 ||| DRINKING 3 dark potions.
  1937 | Sewer    | 1937 ||| DRINKING 2 silvery potions.
  1959 | D:3      | 1959 ||| PLANNING D:1-11
  2196 | D:3      | 2196 ||| READING 2 scrolls of identify.
  2196 | D:3      | 2196 ||| IDENTIFYING clear potion
  2197 | D:3      | 2197 ||| DROPPING potion of berserk rage.
  2223 | D:4      | Reached skill level 1 in Armour
  2223 | D:4      | Reached XP level 6. HP: 26/35 MP: 5/8
  2436 | D:4      | Found a radiant altar of Vehumet.
  2870 | D:4      | 2870 ||| UPGRADING to +0 pair of gloves.
  2875 | D:4      | 2875 ||| UPGRADING to +1 hat.
  2880 | D:4      | 2880 ||| READING scroll labelled ZESYUP HUGIPU.
  2881 | D:4      | 2881 ||| READING 2 scrolls labelled YMOISK USIBUI.
  2882 | D:4      | 2882 ||| READING scroll labelled TOUSICR JEIGA.
  2883 | D:4      | 2883 ||| DROPPING scroll of fear.
  2885 | D:4      | 2885 ||| Stepping ~*~*~tactically~*~*~ (cloud).
  3014 | D:5      | Entered Level 5 of the Dungeon
  3188 | D:5      | HP: 2/35 [gnoll bouda/+0 club (8)]
  3189 | D:5      | 3189 ||| DRINKING 2 potions of heal wounds.
  3191 | D:5      | Slain by a gnoll

Levels and vault maps discovered:
D:1:      amcnicky_arrival_abandoned_market, layout_basic, serial_shops,
          nicolae_square_shop, nicolae_shop_advertising_works
          [nicolae_subvault_shop_adworks], nicolae_shop_hallway_stairs
D:2:      layout_basic
D:3:      layout_rooms, cheibrodos_sewer_entry_sluice
D:4:      layout_loops_ring, mainiacjoe_overflow_boulevard, grunt_ministairs_15
D:5:      layout_gridville

Skill      XL: |  1  2  3  4  5 |
---------------+----------------+-----
Ranged Weapons | 6 7 8 9 |  9.8
Fighting       | 2 |  2.2
Armour         | 1 |  1.2
Dodging        | |  2.4
Stealth        | |  1.2

Action                     |  1- 3 |  4- 6 || total
---------------------------+-------+-------++-------
   Fire: Shortbow          |    94 |   138 ||   232
    Use: Scroll            |     7 |     4 ||    11
         Potion            |     2 |     3 ||     5
 Armour: Scale mail        |     4 |    33 ||    37
  Dodge: Dodged            |    12 |    47 ||    59

Table legend:
 A = Non-vault XP
 B = Vault XP
 C = Vault XP percentage of total XP
 D = Non-vault monster count
 E = Vault monster count
 F = Vault count percentage of total count
                 A         B        C        D         E       F
            +---------+---------+-------+---------+---------+-------
      Total |     342 |     250 |  42.2 |      67 |      36 |  35.0
            +---------+---------+-------+---------+---------+-------
        D:1 |      33 |       0 |   0.0 |      19 |       0 |   0.0
        D:2 |      51 |       0 |   0.0 |      14 |       0 |   0.0
        D:3 |      36 |       8 |  18.2 |      17 |       3 |  15.0
        D:4 |     165 |       7 |   4.1 |      13 |       2 |  13.3
        D:5 |      57 |       0 |   0.0 |       4 |       0 |   0.0
      Sewer |       0 |     235 | 100.0 |       0 |      31 | 100.0
            +---------+---------+-------+---------+---------+-------
